 Dungeon Crawl Stone Soup version 0.30-a0-765-g3161bf10a1 (webtiles) character file.

Game seed: 2613704959403436024

1358 Kenran the Ruffian (level 8, -4/72 HPs)
             Began as an Armataur Fighter on Feb 12, 2023.
             Was a Follower of Elyvilon.
             Killed from afar by a steam dragon (6 damage)
             ... with a ball of steam
             ... on level 6 of the Dungeon.
             The game lasted 00:11:04 (5380 turns).

Kenran the Ruffian (Armataur Fighter)               Turns: 5380, Time: 00:11:05

Health: -4/72      AC:  9    Str: 30    XL:     8   Next: 37%
Magic:  8/8        EV:  7    Int:  9    God:    Elyvilon [*.....]
Gold:   351        SH:  4    Dex:  9    Spells: 7/7 levels left

rFire   . . .      SeeInvis .      - Unarmed
rCold   . . .      Faith    .    b - +0 buckler
rNeg    . . .      Spirit   .    a - +0 scale mail
rPois   .          Reflect  .    (no helmet)
rElec   .          Harm     .    (no cloak)
rCorr   +          Roll     +    y - +1 pair of gloves
Will    .....                    (no barding) Stlth
                                 (no amulet)
HPRegen 0.32/turn                o - ring "Qoshos" {rCorr Str+6}
MPRegen 0.11/turn                (no ring)

@: no status effects
A: large, rugged brown scales 3, deformed body, armoured tail, roll, long
tongue, awkward tongue
a: Renounce Religion, Purification


You were on level 6 of the Dungeon.
You worshipped Elyvilon.
Elyvilon was aware of your devotion.
You visited 1 branch of the dungeon, and saw 6 of its levels.
You also visited: Sewer.

You collected 411 gold pieces.
You spent 60 gold pieces at shops.

Inventory:

Missiles
 l - 3 poisoned darts (quivered)
Armour
 a - a +0 scale mail (worn)
 b - a +0 buckler (worn)
 y - a +1 pair of gloves (worn)
Jewellery
 o - the ring "Qoshos" (left hand) {rCorr Str+6}
   (You found it on level 3 of the Dungeon)

   [ring of strength]

   Str:       It affects your strength (+6).
   rCorr:     It protects you from acid and corrosion.
 v - a ring of poison resistance
Wands
 s - a wand of light (7)
 u - a wand of mindburst (10)
Scrolls
 e - a scroll of brand weapon
 f - 4 scrolls of teleportation
 g - a scroll of enchant weapon
 j - 2 scrolls of fog
 q - a scroll of magic mapping
 r - a scroll of butterflies
 t - a scroll of poison {unknown}
 w - a scroll of fear
Potions
 d - 2 potions of degeneration {unknown}
 h - a potion of haste {unknown}
 i - 2 potions of lignification {unknown}
 k - 5 potions of curing {@q1}
 m - a potion of cancellation {unknown}
 n - 2 potions of mutation {unknown}
 p - a potion of heal wounds {@q2}
 x - 2 potions of berserk rage {!q}


   Skills:
 - Level 5.0 Fighting
 - Level 5.0 Armour
 - Level 3.2 Shields
 + Level 7.6 Unarmed Combat
 - Level 3.0 Evocations


You had 7 spell levels left.
You didn't know any spells.
Your spell library contained the following spells:

 Spells                   Type           Power      Damage    Failure   Level
 Apportation              Tloc           0%         N/A       69%         1
 Magic Dart               Conj           0%         1d3       69%         1
 Necrotise                Necr           0%         1d4       69%         1
 Summon Small Mammal      Summ           0%         N/A       69%         1
 Blink                    Tloc           0%         N/A       83%         2
 Call Imp                 Summ           0%         N/A       83%         2
 Lesser Beckoning         Tloc           0%         N/A       83%         2
 Momentum Strike          Conj/Tloc      0%         3d8       83%         2
 Gell's Gravitas          Tloc           0%         N/A       96%         3
 Mephitic Cloud           Conj/Pois/Air  0%         N/A       96%         3
 Portal Projectile        Hex/Tloc       0%         N/A       96%         3
 Teleport Other           Tloc           0%         N/A       96%         3
 Tukima's Dance           Hex            0%         N/A       96%         3
 Blade Hands              Tmut           0%         N/A       100%        5
 Dispersal                Tloc           0%         N/A       100%        6


Dungeon Overview and Level Annotations

Branches:
Dungeon (6/15)             Temple (0/1) D:4           Sewer (visited)

Altars:
Cheibriados
Elyvilon
Gozag
Hepliaklqana
Sif Muna
Trog
Uskayaw
Xom

Shops:
D:5 [((!

Annotations:
D:6 2 transporters


Innate Abilities, Weirdness & Mutations

You are completely covered in rugged brown scales. (AC +3, +7% HP)
Armour fits poorly on your strangely shaped body.
You have a long armoured tail.
You roll when moving toward enemies. (Rampage)
Your long tongue fully drains potion bottles. (2x potion effects)
Your tongue gives you trouble enunciating. (1.5x scroll delay)


Message History

The steam dragon breathes steam at you. The ball of steam hits you!
You barely miss the steam dragon.
The steam dragon is severely wounded.
You are engulfed in a cloud of scalding steam.
The steam dragon bites you. The steam dragon claws you.
You block the steam dragon's attack. The steam dragon barely misses you.
You are too injured to fight recklessly!
You barely miss the steam dragon.
Your tail-slap misses the steam dragon.
The steam dragon is severely wounded.
The steam dragon bites you. The steam dragon claws you.
You hit the steam dragon but do no damage.
The steam dragon is severely wounded.
You are engulfed in a cloud of scalding steam.
The steam dragon barely misses you. The steam dragon claws you.
The steam dragon bites you but does no damage.
The steam dragon claws you.
You completely miss the steam dragon.
The steam dragon is severely wounded.
The steam dragon bites you!
* * * LOW HITPOINT WARNING * * *
You block the steam dragon's attack.
You closely miss the steam dragon.
Your tail-slap misses the steam dragon.
The steam dragon is severely wounded.
The steam dragon breathes steam at you. The ball of steam hits you!
* * * LOW HITPOINT WARNING * * *
You punch the steam dragon!
Your tail-slap misses the steam dragon.
The steam dragon is almost dead.
You are engulfed in a cloud of scalding steam.
* * * LOW HITPOINT WARNING * * *
The steam dragon bites you.
* * * LOW HITPOINT WARNING * * *
The steam dragon claws you.
* * * LOW HITPOINT WARNING * * *
The steam dragon barely misses you.
The steam dragon claws you but does no damage.
The steam dragon breathes steam at you. The ball of steam hits you.
You die...

#.# ####.#####
..... ..### ....
.... #..###.###
#§.#..... #.
#..#§#[######.#
#.§D§†.....##.#
##§.§@...#.##.#
#..§§§....#<##.#
#.#.#.#.###.##.#
#.#.#.#.##...#.#
# #.#...#.#.#..#
#............#
......#.#.#.##
#####.##...##
#.###.##


You could see a steam dragon (catching breath).

Vanquished Creatures
  Sigmund (D:4)
  2 water moccasins
  2 ogres
  A centaur (D:6)
  A phantom (D:5)
  A bullfrog (D:4)
  2 scorpions
  A howler monkey (D:5)
  A gnoll bouda (D:5)
  2 jellies
  A hound (D:4)
  2 orc priests
  2 iguanas
  4 gnolls (D:5)
  6 adders
  An ufetubus (D:6)
  3 worms
  4 dart slugs
  12 orcs
  3 ball pythons
  12 endoplasms
  3 giant cockroaches
  13 goblins
  6 hobgoblins
  10 jackals
  4 kobolds
  4 quokkas
  12 bats
  2 frilled lizards (D:2)
  6 rats
124 creatures vanquished.

Vanquished Creatures (others)
  11 fungi (D:5)
  2 plants (D:3)
13 creatures vanquished.

Grand Total: 137 creatures vanquished

Notes
Turn   | Place    | Note
-------+----------+-------------------------------------------
     0 | D:1      | Kenran the Armataur Fighter began the quest for the Orb.
     0 | D:1      | Reached XP level 1. HP: 19/19 MP: 1/1
    47 | D:1      | Reached skill level 2 in Unarmed Combat
   131 | D:1      | Reached XP level 2. HP: 20/26 MP: 2/2
   404 | D:1      | Reached skill level 3 in Unarmed Combat
   695 | D:1      | Reached XP level 3. HP: 24/33 MP: 3/3
  1512 | D:2      | Reached XP level 4. HP: 40/40 MP: 4/4
  1617 | D:2      | Found a faded altar of an unknown god.
  1852 | D:3      | Found a shimmering blue altar of Sif Muna.
  1996 | D:3      | Found a hide-covered altar of Uskayaw.
  2020 | D:3      | Identified the ring "Qoshos" {rCorr Str+6}
  2066 | D:3      | Reached skill level 4 in Unarmed Combat
  2081 | D:3      | Found a bloodstained altar of Trog.
  2788 | D:4      | Found a white marble altar of Elyvilon.
  2810 | D:4      | Became a worshipper of Elyvilon the Healer
  2822 | D:4      | Noticed Sigmund
  2917 | D:4      | Killed Sigmund
  2918 | D:4      | Reached skill level 5 in Unarmed Combat
  2918 | D:4      | Reached XP level 5. HP: 8/48 MP: 5/5
  2918 | D:4      | Reached XP level 6. HP: 9/54 MP: 6/6
  2997 | D:4      | Found a hazy altar of Hepliaklqana.
  3156 | D:4      | Reached skill level 6 in Unarmed Combat
  3654 | D:4      | Found a staircase to the Ecumenical Temple.
  3872 | D:5      | Entered Level 5 of the Dungeon
  3888 | D:5      | Reached XP level 7. HP: 37/60 MP: 7/7
  3896 | D:5      | Reached skill level 7 in Unarmed Combat
  4265 | D:5      | Found a snail-covered altar of Cheibriados.
  4370 | D:5      | Reached * piety under Elyvilon
  4414 | D:5      | Reached skill level 1 in Evocations
  4582 | D:5      | Found Zuc Begiafe's Weapon Shop.
  4584 | D:5      | Found Ytocext's Distillery.
  4585 | D:5      | Found Gununenefi's Antique Armour Shop.
  4586 | D:5      | Found Uqemm's Antique Weapon Shop.
  4605 | D:5      | Bought a potion of heal wounds for 60 gold pieces
  4792 | D:6      | Reached XP level 8. HP: 69/71 MP: 8/8
  4874 | D:6      | Found a glowing drain.
  4879 | Sewer    | Entered a sewer
  4926 | Sewer    | Reached skill level 5 in Armour
  5218 | D:6      | Found an opulent altar of Gozag.
  5236 | D:6      | Reached skill level 5 in Fighting
  5283 | D:6      | Found a shimmering altar of Xom.
  5286 | D:6      | Noticed a gargoyle
  5288 | D:6      | Found a transporter.
  5303 | D:6      | Found a transporter.
  5378 | D:6      | HP: 2/72 [steam dragon (5)]
  5380 | D:6      | Killed from afar by a steam dragon

Illustrated notes

Levels and vault maps discovered:
D:1:      tarquinn_simple_flora_water_a, layout_basic, serial_park_tiny_2
D:2:      layout_loops_ring, shapermc_ecumenical_altar_ellora
D:3:      layout_loops_ring, trog_three_pillars_becter, lemuel_blue_sif_altar,
          nicolae_uskayaw_murder_on_the_dancefloor, serial_forest,
          infiniplex_forest_end_3, infiniplex_forest_corner_1,
          infiniplex_forest_lined_room_2, infiniplex_forest_end_3,
          infiniplex_forest_end_3, infiniplex_forest_straight_4,
          infiniplex_forest_lined_3, infiniplex_forest_side_room
D:4:      layout_loops_ring, elyvilon_altar_5,
          mainiacjoe_overflow_surrounded_room, lemuel_temple_firewalk_b,
          uniq_sigmund
D:5:      layout_rooms, cheibriados_altar_2, hangedman_decor_lopped,
          minmay_shop_grid_forest, dreamdust_mushroom_princess
D:6:      layout_loops_ring, gammafunk_temple_overflow_arena,
          grunt_gozag_statues, gup_sewer_entry_spiral

Skill      XL: |  1  2  3  4  5  6  7  8 |
---------------+-------------------------+-----
Unarmed Combat | 2 3 5 6 7 |  7.6
Fighting       | 3 4 5 |  5.0
Armour         | 4 5 |  5.0
Evocations     | 1 3 |  3.0
Shields        | |  3.2

Action                     |  1- 3 |  4- 6 |  7- 9 || total
---------------------------+-------+-------+-------++-------
  Melee: Unarmed           |   138 |   155 |   136 ||   429
         Tailslap          |    13 |    11 |    26 ||    50
  Evoke: Wand              |       |       |     3 ||     3
    Use: Scroll            |     1 |     5 |     2 ||     8
         Potion            |       |     1 |     5 ||     6
 Armour: Scale mail        |    61 |    52 |    77 ||   190
  Dodge: Dodged            |    44 |    33 |    51 ||   128
  Block: Buckler           |    19 |    16 |    32 ||    67

Table legend: (Time is in decaauts)
 A = Elapsed time spent in this place.
 B = Non-inter-level travel time spent in this place.
 C = Inter-level travel time spent in this place.
 D = Time resting spent in this place.
 E = Time spent auto-exploring this place.
 F = Levels seen in this place.
 G = Mean time per level.
                   A        B        C        D        E       F      G
               +--------+--------+--------+--------+--------+-----+--------+
         Total |   5358 |   5214 |    144 |    812 |   3090 |   7 |  765.4 |
       Dungeon |   5189 |   5045 |    144 |    743 |   3090 |   6 |  864.8 |
         Sewer |    168 |    168 |      0 |     69 |      0 |   1 |  168.0 |
               +--------+--------+--------+--------+--------+-----+--------+

Top non-repeatable levels by time:
     D:4: 1180 daAuts
     D:3: 1005 daAuts
     D:1: 982 daAuts
     D:2: 802 daAuts
     D:5: 799 daAuts
     D:6: 418 daAuts
   Sewer: 168 daAuts
